 Dungeon Crawl Stone Soup version 0.30-a0-777-ga9a30cbeda (webtiles) character file.

Game seed: 9875798872788612297

77 Flugslaktarn the Ducker (level 4, -4/31 HPs)
             Began as an Octopode Fighter on Feb 13, 2023.
             Slain by a gnoll
             ... wielding a +0 flail
              (8 damage)
             ... on level 3 of the Dungeon.
             The game lasted 00:00:51 (1693 turns).

Flugslaktarn the Ducker (Octopode Fighter)          Turns: 1693, Time: 00:00:52

Health: -4/31      AC:  1    Str: 15    XL:     4   Next: 34%
Magic:  4/4        EV: 13    Int: 10    God:
Gold:   52         SH:  5    Dex: 13    Spells: 3/3 levels left

rFire   . . .      SeeInvis .    a - +0 war axe
rCold   . . .      Faith    .    b - +0 buckler
rNeg    . . .      Spirit   .    (helmet restricted)
rPois   .          Reflect  .    (no amulet)
rElec   .          Harm     .    k - ring of resist corrosion
rCorr   +          Rampage  .    (no ring)
Will    .....                    (no ring)
Stlth   ++                       (no ring)
HPRegen 0.25/turn                (no ring)
MPRegen 0.09/turn                (no ring)
                                 (no ring)
                                 (no ring)

@: no status effects
A: almost no armour, amphibious, 8 rings, camouflage 1, gelatinous body 1,
(nimble swimmer 1), tentacles
a: no special abilities


You were on level 3 of the Dungeon.
You visited 1 branch of the dungeon, and saw 3 of its levels.

You collected 52 gold pieces.

Inventory:

Hand Weapons
 a - a +0 war axe (weapon)
Armour
 b - a +0 buckler (worn)
Jewellery
 k - a ring of resist corrosion (left tentacle)
   (You found it on level 1 of the Dungeon)
 o - a ring of poison resistance
   (You found it on level 2 of the Dungeon)
Scrolls
 e - a scroll of summoning
 f - a scroll of fear
 g - a scroll of fog
 h - a scroll of enchant armour {unknown}
 l - a scroll of teleportation {unknown}
Potions
 d - a potion of might
 n - a potion of resistance
 w - a potion of heal wounds


   Skills:
 + Level 3.4 Fighting
 * Level 3.2 Axes
 + Level 3.4 Dodging
 + Level 3.4 Shields


You had 3 spell levels left.
You didn't know any spells.
Your spell library was empty.

Dungeon Overview and Level Annotations

Branches:
Dungeon (3/15)

Altars:
Trog


Innate Abilities, Weirdness & Mutations

You cannot wear most types of armour.
You are amphibious.
You can wear up to eight rings at the same time.
Your skin changes colour to match your surroundings (Stealth+).
Your rubbery body absorbs attacks. (AC +1, EV +1)
((You are camouflaged when in or above water. (Stealth+)))
You have tentacles for arms and can constrict up to eight enemies at once.


Message History

You kill the hobgoblin!
No target in view!
No target in view!
c - 3 scrolls labelled RAFEUFF JETHE (gained 1)
You see here a +0 whip.
You open the door.
There is an open door here.
A frilled lizard comes into view.
The frilled lizard moves out of view.
No target in view!
A frilled lizard is nearby!
A frilled lizard is nearby!
The frilled lizard closely misses you.
You hit the frilled lizard but do no damage.
You grab the frilled lizard. You constrict the frilled lizard.
The frilled lizard closely misses you. The frilled lizard barely misses you.
You slash the frilled lizard!
You kill the frilled lizard!
No target in view!
No target in view!
You now have 46 gold pieces (gained 11).
Found a stone staircase leading down.
There is a stone staircase leading down here.
Found a stone staircase leading down.
There is a stone staircase leading down here.
o - a ring of poison resistance You open the door.
There is an open door here.
As you open the door, it creaks loudly!
No target in view!
No target in view!
No target in view!
There is an open door here.
You open the door.
There is an open door here.
There is a shaft here.
Done exploring.
Done exploring.
Done exploring.
As you read the scroll labelled RAFEUFF JETHE, it crumbles to dust.
It is a scroll of identify.
e - a scroll of summoning;
r - 2 scrolls of identify
As you read the scroll of identify, it crumbles to dust.
f - a scroll of fear
As you read the scroll of identify, it crumbles to dust.
g - a scroll of fog Unknown command.
It was a potion of berserk rage.
A red film seems to cover your vision as you go berserk!
You feel yourself moving faster!
You feel mighty!
You are too berserk!
You start waiting.
You feel a strong urge to attack something.
You start waiting.
You feel your anger nearly subside.
You are no longer berserk.
You are exhausted.
You feel yourself slow down.
You start waiting.
You feel yourself speed up.
It was a potion of curing.
You feel better.
Unknown command.
(D) Dungeon
Where to? (Enter - D:2, ? - help)
You recover from your berserk rage.
You open the door.
There is an open door here.
You open the door.
There is an open door here.
There is a stone staircase leading down here.
You climb downwards.
There is a stone staircase leading up here.
Unknown command.
Found 3 large rocks.
You now have 52 gold pieces (gained 6).
You see here 3 large rocks. 2 gnolls and an orc come into view.
Found a chain mail and a book of Blood.
There are monsters nearby!
A gnoll comes into view. It is wielding a +0 whip.
The orc shouts!
The gnoll shouts!
You hit the gnoll. Your grab misses the gnoll.
The gnoll is lightly wounded.
You barely miss the gnoll. Your grab misses the gnoll. You squeeze the gnoll.
The gnoll is moderately wounded.
You barely miss the gnoll. The gnoll hits you with a +0 whip!
The gnoll closely misses you.
You hit the gnoll. You grab the gnoll.
The gnoll is moderately wounded.
You barely miss the gnoll. You closely miss the orc. You hit the gnoll.
You constrict the gnoll. The gnoll misses you.
The gnoll hits you with a +0 flail. You block the orc's attack.
The gnoll hits you with a +0 whip. The gnoll barely misses you.
The orc closely misses you. The gnoll barely misses you.
The gnoll hits you with a +0 flail!
* * * LOW HITPOINT WARNING * * *
Unknown command.
You release your grip on the gnoll.
The gnoll attacks as you move away! The gnoll hits you with a +0 flail!
You die...

....... #.# #........
#.. #........ #.#
#........ #.# #......#
#.# #......# #.#
.#......####.###########
......go................
#[...g@####.###########
#....:g# #.# #...
#......# #.# #.##
#......# #.# #.#
#......# #.# #.##
######## ... #... ...
####


You could see 3 gnolls and an orc.

Vanquished Creatures
  4 adders (D:2)
  A worm (D:2)
  A dart slug (D:1)
  A bat (D:1)
  2 endoplasms
  5 goblins
  5 hobgoblins
  3 jackals (D:1)
  2 kobolds
  4 quokkas
  A ball python (D:1)
  2 frilled lizards (D:2)
  4 rats
35 creatures vanquished.

Notes
Turn   | Place    | Note
-------+----------+-------------------------------------------
     0 | D:1      | Flugslaktarn the Octopode Fighter began the quest for the
                  | Orb.
     0 | D:1      | Reached XP level 1. HP: 16/16 MP: 1/1
   118 | D:1      | Reached XP level 2. HP: 21/21 MP: 2/2
   190 | D:1      | Found a faded altar of an unknown god.
   512 | D:1      | Reached XP level 3. HP: 26/26 MP: 3/3
   714 | D:2      | Found a bloodstained altar of Trog.
  1069 | D:2      | Reached XP level 4. HP: 31/31 MP: 4/4
  1693 | D:3      | Slain by a gnoll

Illustrated notes

Levels and vault maps discovered:
D:1:      denvon_arrival_hothouse, layout_basic,
          shapermc_ecumenical_altar_mp_highgroup
D:2:      layout_loops_corners, basic_altar
D:3:      layout_basic, serial_shops, nicolae_shop_window_shopping

Skill      XL: |  1  2  3 |
---------------+----------+-----
Axes           | 3 |  3.2
Fighting       | |  3.4
Dodging        | |  3.4
Shields        | |  3.4

Action                     |  1- 3 |  4- 6 || total
---------------------------+-------+-------++-------
  Melee: War axe           |    50 |    14 ||    64
         Constrict         |    12 |     5 ||    17
         Tentacles         |     6 |     3 ||     9
    Use: Potion            |     2 |     2 ||     4
         Scroll            |       |     3 ||     3
   Stab: Sleeping          |     5 |       ||     5
 Armour: Skin              |     7 |       ||     7
  Dodge: Dodged            |    29 |    12 ||    41
  Block: Buckler           |     9 |     5 ||    14

Table legend: (Time is in decaauts)
 A = Elapsed time spent in this place.
 B = Non-inter-level travel time spent in this place.
 C = Inter-level travel time spent in this place.
 D = Time resting spent in this place.
 E = Time spent auto-exploring this place.
 F = Levels seen in this place.
 G = Mean time per level.
                   A        B        C        D        E       F      G
               +--------+--------+--------+--------+--------+-----+--------+
         Total |   1728 |   1634 |     94 |     76 |   1301 |   3 |  576.0 |
       Dungeon |   1728 |   1634 |     94 |     76 |   1301 |   3 |  576.0 |
               +--------+--------+--------+--------+--------+-----+--------+

Top non-repeatable levels by time:
     D:2: 1031 daAuts
     D:1: 652 daAuts
     D:3: 44 daAuts
